 Dungeon Crawl Stone Soup version 0.17.1-3-g152610e (webtiles) character file.

12505 Peloso the Blocker (level 11, -9/96 (97) HPs)
             Began as a Minotaur Fighter on Feb 18, 2016.
             Was a High Priest of Okawaru.
             Mangled by a tentacled starspawn (11 damage)
             ... on level 1 of the Abyss.
             The game lasted 00:29:03 (8912 turns).

Peloso the Blocker (Minotaur Fighter)               Turns: 8912, Time: 00:29:03

HP:   -9/96 (97)    AC: 17    Str: 23    XL:     11   Next: 63%
MP:   11/11         EV: 14    Int:  7    God:    Okawaru [*****.]
Gold: 781           SH: 13    Dex: 11    Spells: 0 memorised, 10 levels left

rFire  . . .     SeeInvis +     P - +1 long sword of Anod {speed, rC+} (curse)
rCold  + . .     Clarity  .     A - quicksilver dragon armour
rNeg   . . .     SustAt   .     c - +0 shield
rPois  +         Gourm    .     (helmet restricted)
rElec  .         Spirit   .     T - +2 cloak {rPois}
rCorr  .         Warding  .     (no gloves)
rMut   .         Stasis   .     w - +0 pair of boots
MR     +....                    (no amulet)
Stlth  +.........               O - +2 ring of intelligence
                                l - ring of see invisible

@: exhausted, slowed, very slow, somewhat resistant to hostile enchantments,
very unstealthy
A: retaliatory headbutt, horns 2
a: Heroism, Finesse, Renounce Religion


You were on level 1 of the Abyss.
You worshipped Okawaru.
Okawaru was extremely pleased with you.
You were very hungry.

You visited 2 branches of the dungeon, and saw 12 of its levels.
You visited the Abyss 1 time.
You also visited: Sewer and Ossuary.

You collected 781 gold pieces.

Inventory:

Hand Weapons
 a - a +0 long sword
 L - a +0 mace
 P - the cursed +1 long sword of Anod (weapon) {speed, rC+}
   (You found it on level 10 of the Dungeon)

   Attacks with this weapon are significantly faster.
   It protects you from cold.
   It has a curse placed upon it.
 U - a +3 falchion of draining
Armour
 c - a +0 shield (worn)
 w - a +0 pair of boots (worn)
 y - a +0 cloak
 A - a quicksilver dragon armour (worn)
 T - a +2 cloak of poison resistance (worn)
Jewellery
 l - a ring of see invisible (left hand)
 O - a +2 ring of intelligence (right hand)
Wands
 b - a wand of frost (20)
 n - a wand of lightning (8)
 J - a wand of confusion (23)
 M - a wand of draining (10)
 N - a wand of magic darts (21)
 R - a wand of magic darts (25)
Scrolls
 g - 2 scrolls of holy word {unknown}
 h - 6 scrolls of remove curse
 i - 2 scrolls of recharging
 j - 2 scrolls of fog
 m - 3 scrolls of blinking {unknown}
 s - 3 scrolls of identify
 t - 8 scrolls of teleportation
 u - 2 scrolls of magic mapping
 C - 3 scrolls of enchant armour
 F - a scroll of enchant weapon {unknown}
 K - a scroll of torment {unknown}
 S - a scroll of fear {unknown}
Potions
 f - 3 potions of agility
 k - a potion of cure mutation
 p - 10 potions of curing
 q - 5 potions of flight
 x - a potion of resistance
 B - a potion of brilliance
 D - 2 potions of berserk rage
 E - 4 potions of haste
 G - 2 potions of invisibility
 H - 4 potions of heal wounds {unknown}
 I - 3 potions of mutation {unknown}
Books
 d - a book of Hinderance

   Spells                             Type                      Level
   a - Confusing Touch                Hexes                        2
   b - Confuse                        Hexes                        3
   c - Gell's Gravitas                Hexes/Translocation          3
   d - Petrify                        Transmutation/Earth          4
   e - Metabolic Englaciation         Hexes/Ice                    5
 Q - a book of Clouds

   Spells                             Type                      Level
   a - Mephitic Cloud                 Conjuration/Poison/Air       3
   b - Conjure Flame                  Conjuration/Fire             3
   c - Poisonous Cloud                Conjuration/Poison/Air       6
   d - Freezing Cloud                 Conjuration/Ice/Air          6
   e - Ring of Flames                 Charms/Fire                  7
Comestibles
 e - 7 bread rations
 o - 4 slices of pizza
 r - a beef jerky
 v - 4 fruits
 z - 14 royal jellies


   Skills:
 + Level 9.2 Fighting
 + Level 10.3 Long Blades
 + Level 8.6 Armour
 + Level 9.3 Dodging
 + Level 1.3 Stealth
 + Level 12.6 Shields
 + Level 1.9 Invocations


You had 10 spell levels left.
You didn't know any spells.

Dungeon Overview and Level Annotations

Branches:
Dungeon (11/15)            Temple (1/1) D:4            Lair (0/8) D:9
    Orc: D:9-12

Altars:
Ashenzari
Cheibriados
Dithmenos
Elyvilon
Fedhas
Gozag
Kikubaaqudgha
Makhleb
Okawaru
Qazlal
Ru
Sif Muna
Trog
Vehumet
Xom
Yredelemnul
Zin
The Shining One

Shops:
D:4 (   D:8 %


Innate Abilities, Weirdness & Mutations

You reflexively headbutt those who attack you in melee.
You have a pair of horns on your head.


Message History

The tentacled starspawn is moderately damaged.
The tentacled starspawn bites you!!
* * * LOW HITPOINT WARNING * * *
You block the tentacled starspawn's attack.
You barely miss the tentacled starspawn.
The tentacled starspawn is moderately damaged.
The rakshasa gestures.
The rakshasa blinks!
The tentacled starspawn bites you!
* * * LOW HITPOINT WARNING * * *
The tentacled starspawn engulfs you.
* * * LOW HITPOINT WARNING * * *
You hit the tentacled starspawn but do no damage.
The tentacled starspawn is moderately damaged.
Tentacles burst from the starspawn's body!
Unknown command.
You slash the tentacled starspawn!
The tentacled starspawn is moderately damaged.
The tentacled starspawn bites you but does no damage.
The tentacled starspawn engulfs you!
You die...

. . ## #.##.
.#.# .....
#.## ###.#....
#
####..#...##.#
#.
#..##....#.#
#.
##..#.....#.#.
#. ..
#...#......###
#.#
#...w@..#.#...
#. #
#.#.X#...#.. #
.. #*#w##...#
# ## .# .
##..#...#.# .
. #
###...###R.# .
## 3...
..#.#.#. ##.
##....# ..#.#
.#.# .#. . . .
# # ##. #X ##
#


You could see a tentacled starspawn, a rakshasa and 2 starspawn tentacles.

Vanquished Creatures
  A tentacled starspawn (Abyss:1)
  The ghost of antares the Eclecticist, a journeyman DEWz of Sif Muna (D:10)
  Pikel (D:7)
  A hill giant (D:10)
  A cyclops (D:8)
  The ghost of riffraff the Shield-Bearer, a novice GrFi of Elyvilon (D:5)
  A salamander (shapeshifter) (D:10)
  Joseph (D:8)
  A black mamba (shapeshifter) (Abyss:1)
  A smoke demon (Abyss:1)
  A troll (D:9)
  A two-headed ogre (D:9)
  A trapdoor spider zombie (D:10)
  A shadow (D:10)
  3 yaks (D:9)
  3 deep elf magi
  A wyvern (D:8)
  A hungry ghost (D:8)
  2 hippogriffs
  Menkaure (D:7)
  A water moccasin (D:9)
  A wasp (D:10)
  Purgy (Sewer)
  4 orc warriors
  2 phantoms
  A necrophage (D:9)
  3 ice beasts
  A black bear (D:7)
  A sky beast (D:10)
  9 ogres
  3 centaurs
  8 big kobolds
  5 giant frogs
  A water moccasin zombie (D:5)
  5 killer bees (D:9)
  2 scorpions
  4 wights (D:8)
  2 quasits
  4 hounds
  6 jellies
  4 crimson imps
  2 orc priests (D:9)
  2 centaur skeletons
  4 iguanas
  2 orc wizards
  3 giant frog skeletons
  4 worker ants
  A killer bee zombie (D:8)
  2 hound skeletons
  8 mummies (Ossuary)
  3 gnolls (D:5)
  13 adders
  2 worker ant zombies
  A shadow imp (D:5)
  6 oozes
  An adder zombie (D:5)
  An adder skeleton (D:4)
  2 worms (D:2)
  5 giant geckos
  25 orcs
  3 ball pythons
  6 bats
  3 giant cockroaches
  5 hobgoblins
  8 jackals
  28 kobolds
  6 quokkas
  A giant gecko zombie (D:8)
  5 giant newts
  2 gnoll zombies (Ossuary)
  8 goblins
  4 kobold zombies (Ossuary)
  2 orc zombies (Ossuary)
  A quokka zombie (D:8)
  7 rats
269 creatures vanquished.

Vanquished Creatures (others)
  An ooze (D:2)
  A rat (D:2)
  5 starspawn tentacles (Abyss:1)
  79 starspawn tentacle segments (Abyss:1)
86 creatures vanquished.

Grand Total: 355 creatures vanquished

Notes
Turn   | Place    | Note
--------------------------------------------------------------
     0 | D:1      | Peloso the Minotaur Fighter began the quest for the Orb.
     0 | D:1      | Reached XP level 1. HP: 19/19 MP: 0/0
   158 | D:1      | Found a shattered altar of Ashenzari.
   167 | D:1      | Reached skill level 4 in Fighting
   167 | D:1      | Reached XP level 2. HP: 22/27 MP: 1/1
   871 | D:2      | Found a glowing golden altar of the Shining One.
   906 | D:2      | Reached XP level 3. HP: 29/33 MP: 2/2
  1029 | D:2      | Found a stormy altar of Qazlal.
  1030 | D:2      | Noticed a water elemental
  1034 | D:2      | Noticed an earth elemental
  1034 | D:2      | Noticed an air elemental
  1034 | D:2      | Noticed a fire elemental
  1221 | D:2      | Found a blossoming altar of Fedhas.
  1352 | D:2      | Reached skill level 1 in Dodging
  1422 | D:3      | Reached XP level 4. HP: 41/41 MP: 3/3
  1551 | D:3      | Noticed an ogre
  1557 | D:3      | Killed an ogre
  1557 | D:3      | Reached skill level 5 in Shields
  1557 | D:3      | Reached XP level 5. HP: 47/47 MP: 4/4
  1567 | D:3      | Found a shadowy altar of Dithmenos.
  1827 | D:4      | Found Unyamiruomm's Weapon Boutique.
  1832 | D:4      | Noticed an ogre
  1842 | D:4      | Killed an ogre
  1842 | D:4      | Reached XP level 6. HP: 33/55 MP: 5/5
  1913 | D:4      | Found a glowing drain.
  1933 | Sewer    | Entered a sewer
  2005 | Sewer    | Noticed Purgy
  2018 | Sewer    | Killed Purgy
  2018 | Sewer    | Reached skill level 5 in Armour
  2180 | D:4      | Noticed an ogre
  2189 | D:4      | Killed an ogre
  2189 | D:4      | Reached skill level 5 in Fighting
  2189 | D:4      | Reached skill level 6 in Shields
  2189 | D:4      | Reached XP level 7. HP: 58/61 MP: 6/6
  2205 | D:4      | Found a staircase to the Ecumenical Temple.
  2234 | D:4      | Found an opulent altar of Gozag.
  2270 | Temple   | Entered the Ecumenical Temple
  2275 | Temple   | Became a worshipper of Warmaster Okawaru
  2399 | D:4      | Found a sacrificial altar of Ru.
  2463 | D:4      | Found a glowing silver altar of Zin.
  2463 | D:4      | Found a shattered altar of Ashenzari.
  2479 | D:4      | Found a white marble altar of Elyvilon.
  2619 | D:4      | Found a deep blue altar of Sif Muna.
  2647 | D:5      | Entered Level 5 of the Dungeon
  2717 | D:5      | Noticed riffraff's ghost (novice GrFi)
  2727 | D:5      | Killed riffraff's ghost
  2727 | D:5      | Reached * piety under Okawaru
  2727 | D:5      | Reached skill level 5 in Long Blades
  2727 | D:5      | Reached skill level 7 in Shields
  2727 | D:5      | Reached XP level 8. HP: 48/70 MP: 7/7
  2922 | D:5      | Reached skill level 8 in Shields
  2954 | D:5      | Found a sand-covered staircase.
  3646 | D:5      | Reached ** piety under Okawaru
  4207 | D:6      | Reached skill level 9 in Shields
  4319 | D:6      | Reached XP level 9. HP: 70/78 MP: 8/8
  4666 | D:7      | Found a sand-covered staircase.
  4671 | Ossuary  | Entered an ossuary
  5131 | D:7      | Noticed Menkaure
  5137 | D:7      | Killed Menkaure
  5137 | D:7      | Reached skill level 5 in Dodging
  5317 | D:7      | Reached *** piety under Okawaru
  5328 | D:7      | Noticed Pikel
  5356 | D:7      | Killed Pikel
  5596 | D:8      | Noticed Joseph
  5612 | D:8      | Killed Joseph
  5612 | D:8      | Reached skill level 1 in Stealth
  5612 | D:8      | Reached skill level 10 in Shields
  5637 | D:8      | Found Luaguykue's Food Shoppe.
  5685 | D:8      | Reached XP level 10. HP: 17/88 MP: 9/9
  5775 | D:8      | Noticed a cyclops
  5785 | D:8      | Killed a cyclops
  5785 | D:8      | Reached **** piety under Okawaru
  6131 | D:8      | Reached ***** piety under Okawaru
  6316 | D:9      | Reached skill level 11 in Shields
  7689 | D:9      | Reached XP level 11. HP: 79/94 MP: 10/10
  7697 | D:9      | Found a staircase to the Lair.
  7814 | D:10     | Entered Level 10 of the Dungeon
  7892 | D:10     | Reached skill level 12 in Shields
  7898 | D:10     | Got an iridescent long sword
  7899 | D:10     | Identified the cursed +1 long sword of Anod {speed, rC+} (You found it on level 10 of the Dungeon)
  8109 | D:10     | Received a gift from Okawaru
  8134 | D:10     | Noticed antares's ghost (journeyman DEWz)
  8155 | D:10     | Killed antares's ghost
  8347 | D:10     | Noticed a hill giant
  8366 | D:10     | Paralysed by a wasp for 2 turns
  8374 | D:10     | Killed a hill giant
  8374 | D:10     | Reached ****** piety under Okawaru
  8632 | D:11     | Noticed a skeletal warrior
  8633 | D:11     | Noticed a skeletal warrior
  8633 | D:11     | Noticed a skeletal warrior
  8633 | D:11     | Noticed a skeletal warrior
  8654 | D:11     | Cast into the Abyss (skeletal warrior)
  8654 | Abyss:1  | Found a corrupted altar of Lugonu.
  8696 | Abyss:1  | Found a stormy altar of Qazlal.
  8830 | Abyss:1  | Received a gift from Okawaru
  8830 | Abyss:1  | Reached skill level 1 in Invocations
  8872 | Abyss:1  | Noticed a tentacled starspawn
  8885 | Abyss:1  | Noticed a tentacled starspawn
  8903 | Abyss:1  | Killed a tentacled starspawn
  8903 | Abyss:1  | Reached skill level 10 in Long Blades
  8909 | Abyss:1  | Noticed a rakshasa
  8910 | Abyss:1  | HP: 2/96 [tentacled starspawn (4)]
  8912 | Abyss:1  | Mangled by a tentacled starspawn

Action                   |  1- 3 |  4- 6 |  7- 9 | 10-12 || total
-------------------------+-------+-------+-------+-------++-------
Melee: Long sword        |   125 |    95 |   375 |   518 ||  1113
Invok: Heroism           |       |       |       |     2 ||     2
       Finesse           |       |       |       |     2 ||     2
  Use: Scroll            |     2 |       |    17 |     2 ||    21
       Potion            |       |       |     2 |     2 ||     4
  Eat: Chunk             |     2 |     3 |    10 |    12 ||    27
       Fruit             |       |       |     1 |       ||     1
